 Dungeon Crawl Stone Soup version 0.27.0-1-g7a089689b8 (webtiles) character file.

Game seed: 1879166194364163794

1330913 ABBCCCDDDD the Slayer (level 27, 256/256 HPs)
             Began as a Palentonga Monk on Aug 9, 2021.
             Was the Champion of Nemelex Xobeh.
             Escaped with the Orb
             ... and 3 runes!
             The game lasted 06:37:57 (126467 turns).

ABBCCCDDDD the Slayer (Palentonga Monk)           Turns: 126467, Time: 06:37:58

Health: 256/256    AC: 46    Str: 27    XL:     27
Magic:  26/26      EV: 15    Int: 13    God:    Nemelex Xobeh [******]
Gold:   2764       SH: 27    Dex: 22    Spells: 34/42 levels left

rFire    + + .     SeeInvis +   S - +9 morningstar (elec)
rCold    + + .     Faith    .   X - +0 tower shield
rNeg     + . .     Spirit   .   M - +8 gold dragon scales
rPois    +         Reflect  +   g - -2 hat of the Alchemist {rElec rPois rF+ rC+ rN+ Will+ rMut rCorr}
rElec    +         Harm     +   J - +2 cloak
rCorr    +         Rampage  .   T - +2 pair of gloves {Stlth+}
rMut     +         Rnd*Rage +   B - +3 barding of Honour {rElec rCorr}
Will     +++..                  b - amulet "Yhosm" {Reflect Harm Drain rPois Int+2 SH+5}
Stlth    ..........             f - ring "Rusuho" {AC+4 Str+4}
HPRegen  0.52/turn              R - ring of Atoagg {rPois MP-9 EV+4 Int-5 Dex+10}
MPRegen  0.20/turn

@: studying Evocations
A: large, rugged brown scales 3, see invisible, deformed body, roll 1, armoured
tail, reflexive curl, fangs 1, berserk 1, shaggy fur 1, evolution 2
0: Orb of Zot
}: 3/15 runes: barnacled, slimy, gossamer
a: Rolling Charge, Renounce Religion, Draw Escape, Draw Destruction, Draw
Summoning, Triple Draw, Deal Four, Stack Five


You escaped.
You worshipped Nemelex Xobeh.
Nemelex Xobeh was exalted by your worship.
You visited 11 branches of the dungeon, and saw 54 of its levels.
You also visited: Ossuary and Ice Cave.

You collected 6879 gold pieces.
You spent 4115 gold pieces at shops.

Inventory:

Hand Weapons
 S - a +9 morningstar of electrocution (weapon)
Armour
 g - the -2 hat of the Alchemist (worn) {rElec rPois rF+ rC+ rN+ Will+ rMut rCorr}
   (You bought it in a shop on level 1 of the Vaults)

   rF:        It protects you from fire.
   rC:        It protects you from cold.
   rElec:     It insulates you from electricity.
   rPois:     It protects you from poison.
   rN:        It protects you from negative energy.
   rCorr:     It protects you from acid and corrosion.
   rMut:      It protects you from mutation.
   Will:      It increases your willpower.
 B - the +3 barding of Honour (worn) {rElec rCorr}
   (You acquired it on level 13 of the Dungeon)

   rElec:     It insulates you from electricity.
   rCorr:     It protects you from acid and corrosion.
 J - a +2 cloak (worn)
 M - +8 gold dragon scales (worn)
 T - a +2 pair of gloves of stealth (worn)
 U - the +4 chain mail of Lugonu's Approval {rF++ Will++ Str-3}
   (You found it on level 5 of the Lair of Beasts)

   Str:       It affects your strength (-3).
   rF:        It greatly protects you from fire.
   Will:      It greatly increases your willpower.
 X - a +0 tower shield (worn)
Jewellery
 b - the amulet "Yhosm" (around neck) {Reflect Harm Drain rPois Int+2 SH+5}
   (You bought it in a shop on level 3 of the Depths)

   [amulet of reflection]

   It reflects blocked missile attacks.
   Int:       It affects your intelligence (+2).
   rPois:     It protects you from poison.
   Drain:     It drains your maximum health when unequipped.
   SH:        It affects your SH (+5).
   Harm:      It increases damage dealt and taken.
 f - the ring "Rusuho" (left hand) {AC+4 Str+4}
   (You found it on level 2 of the Depths)

   [ring of protection]

   AC:        It affects your AC (+4).
   Str:       It affects your strength (+4).
 m - the ring "Egiot" {rElec rPois rCorr Slay+5 Stlth-}
   (You found it on level 5 of the Pits of Slime)

   [ring of poison resistance]

   Slay:      It affects your accuracy & damage with ranged weapons and melee
   (+5).
   rElec:     It insulates you from electricity.
   rPois:     It protects you from poison.
   rCorr:     It protects you from acid and corrosion.
   Stlth:     It makes you less stealthy.
 o - a ring of protection from cold
 s - a ring of protection from fire
 G - a ring of positive energy
 R - the ring of Atoagg (right hand) {rPois MP-9 EV+4 Int-5 Dex+10}
   (You found it on level 3 of the Vaults)

   [ring of evasion]

   EV:        It affects your evasion (+4).
   Int:       It affects your intelligence (-5).
   Dex:       It affects your dexterity (+10).
   rPois:     It protects you from poison.
   MP:        It affects your magic capacity (-9).
Wands
 p - a wand of flame (107)
 y - a wand of mindburst (16)
 E - a wand of digging (2)
 L - a wand of acid (5)
 N - a wand of charming (11)
 Y - a wand of paralysis (28)
 Z - a wand of iceblast (49)
Scrolls
 d - 9 scrolls of magic mapping
 h - 5 scrolls of fear
 i - 8 scrolls of immolation
 n - 4 scrolls of holy word
 q - 2 scrolls of summoning
 r - 9 scrolls of teleportation
 v - 8 scrolls of blinking
 K - 14 scrolls of identify
 P - a scroll of silence
 W - 10 scrolls of fog
Potions
 a - 2 potions of mutation
 c - 4 potions of magic
 j - 4 potions of resistance
 k - 11 potions of curing
 l - 8 potions of ambrosia
 t - 4 potions of might
 u - 7 potions of haste
 w - 6 potions of berserk rage
 x - 6 potions of invisibility
 z - 8 potions of flight
 A - 8 potions of heal wounds
 C - 5 potions of attraction
 D - 5 potions of cancellation
 F - 8 potions of brilliance
 I - 4 potions of lignification
Miscellaneous
 e - a phial of floods
 H - a box of beasts
 O - a condenser vane
 Q - a phantom mirror
 V - a lightning rod (4/4)


   Skills:
 + Level 24.4 Fighting
 - Level 16.0 Maces & Flails
 - Level 16.0 Armour
 + Level 16.6 Dodging
 - Level 6.4 Stealth
 - Level 15.0 Shields
 - Level 8.0 Spellcasting
 - Level 10.6 Translocations
 - Level 4.9 Air Magic
 - Level 16.0 Invocations
 - Level 14.5 Evocations


You had 34 spell levels left.
You knew the following spells:

 Your Spells              Type           Power      Damage    Failure   Level
a - Swiftness             Air            18%        N/A       71%         3
b - Manifold Assault      Tloc           32%        N/A       67%         5

Your spell library contained the following spells:

 Spells                   Type           Power      Damage    Failure   Level
 Apportation              Tloc           64%        N/A       3%          1
 Blink                    Tloc           N/A        N/A       4%          2
 Lesser Beckoning         Tloc           16%        N/A       10%         3
 Portal Projectile        Hex/Tloc       38%        N/A       65%         3
 Shock                    Conj/Air       44%        1d5       67%         1
 Corpse Rot               Necr/Air       N/A        N/A       82%         2
 Static Discharge         Conj/Air       11%        N/A       82%         2
 Animate Skeleton         Necr           10%        N/A       95%         1
 Corona                   Hex            5%         N/A       95%         1
 Foxfire                  Conj/Fire      20%        2x1d5     95%         1
 Magic Dart               Conj           20%        1d4       95%         1
 Sandblast                Erth           10%        2d5       95%         1
 Summon Small Mammal      Summ           20%        N/A       95%         1
 Iskenderun's Mystic Bla  Conj/Tloc      19%        2d6       96%         4
 Call Imp                 Summ           5%         N/A       98%         2
 Ensorcelled Hibernation  Hex/Ice        10%        N/A       98%         2
 Passwall                 Tmut/Erth      4%         N/A       98%         2
 Searing Ray              Conj           10%        3d3       98%         2
 Slow                     Hex            5%         N/A       98%         2
 Airstrike                Air            9%         N/A       98%         4
 Mephitic Cloud           Conj/Pois/Air  9%         N/A       99%         3
 Call Canine Familiar     Summ           5%         N/A       100%        3
 Confusing Touch          Hex            5%         N/A       100%        3
 Conjure Flame            Conj/Fire      5%         6-21      100%        3
 Frozen Ramparts          Ice            10%        1d3       100%        3
 Ignite Poison            Fire/Tmut/Pois 5%         N/A       100%        3
 Inner Flame              Hex/Fire       5%         N/A       100%        3
 Ozocubu's Armour         Ice            5%         N/A       100%        3
 Spider Form              Tmut/Pois      2%         N/A       100%        3
 Stone Arrow              Conj/Erth      10%        3d7       100%        3
 Summon Guardian Golem    Hex/Summ       5%         N/A       100%        3
 Vampiric Draining        Necr           2%         2d6       100%        3
 Cause Fear               Hex            2%         N/A       100%        4
 Dispel Undead            Necr           5%         3d7       100%        4
 Fulminant Prism          Conj/Hex       2%         3d6       100%        4
 Hailstorm                Conj/Ice       5%         3d4       100%        4
 Ice Form                 Ice/Tmut       5%         N/A       100%        4
 Olgreb's Toxic Radiance  Pois           5%         N/A       100%        4
 Sticky Flame             Conj/Fire      5%         2d3       100%        4
 Summon Ice Beast         Ice/Summ       5%         N/A       100%        4
 Summon Lightning Spire   Summ/Air       11%        N/A       100%        4
 Alistair's Intoxication  Tmut/Pois      3%         N/A       100%        5
 Blade Hands              Tmut           2%         N/A       100%        5
 Bolt of Magma            Conj/Fire/Erth 2%         4d4       100%        5
 Excruciating Wounds      Necr           2%         N/A       100%        5
 Fireball                 Conj/Fire      2%         3d4       100%        5
 Iskenderun's Battlesphe  Conj           5%         2d6       100%        5
 Lee's Rapid Deconstruct  Erth           2%         3d6*      100%        5
 Lightning Bolt           Conj/Air       5%         1d17      100%        5
 Summon Forest            Summ/Tloc      9%         N/A       100%        5
 Summon Mana Viper        Hex/Summ       5%         N/A       100%        5
 Conjure Ball Lightning   Conj/Air       5%         3x3d6     100%        6
 Invisibility             Hex            2%         N/A       100%        6
 Shadow Creatures         Summ           N/A        N/A       100%        6
 Simulacrum               Ice/Necr       2%         N/A       100%        6
 Starburst                Conj/Fire      2%         8x6d3     100%        6
 Monstrous Menagerie      Summ           2%         N/A       100%        7
 Orb of Destruction       Conj           2%         9d1       100%        7
 Ozocubu's Refrigeration  Ice            2%         4d5       100%        7
 Storm Form               Tmut/Air       5%         N/A       100%        7
 Discord                  Hex            2%         N/A       100%        8
 Ignition                 Fire           2%         3d3       100%        8
 Maxwell's Capacitive Co  Air            9%         ∞         100%        8
 Dragon's Call            Summ           2%         N/A       100%        9
 Shatter                  Erth           2%         3d6*      100%        9


Dungeon Overview and Level Annotations

Branches:
Dungeon (15/15)            Temple (1/1) D:5            Lair (6/6) D:11
 Shoals (4/4) Lair:4       Spider (4/4) Lair:2        Slime (5/5) Lair:6
    Orc (2/2) D:9             Elf (3/3) Orc:2        Vaults (4/5) D:13
  Crypt (0/3) Vaults:3     Depths (5/5) D:15            Zot (5/5) Depths:5
Ossuary (visited)           IceCv (visited)

Altars:
Ashenzari
Cheibriados
Dithmenos
Elyvilon
Fedhas
Gozag
Hepliaklqana
Kikubaaqudgha
Makhleb
Nemelex Xobeh
Okawaru
Qazlal
Ru
Sif Muna
Trog
Uskayaw
Vehumet
Wu Jian
Xom
Yredelemnul
Zin
The Shining One
Beogh
Jiyva

Shops:
D:1 (   D:7 =   D:13 ?:*(   Orc:1 !   Orc:2 [=*?   Shoals:2 [   Shoals:3 *
Vaults:1 [(*   Vaults:2 (   Vaults:4 (   Depths:1 !   Depths:3 ==!*
Depths:5 !

Portals:
Hell: Depths:1 Depths:2 Depths:3 Depths:4 Depths:5
Abyss: Depths:4
Pandemonium: Depths:3 Depths:4
Ziggurat: Depths:5

Annotations:
D:9 exclusion: downstairs
D:11 exclusion: downstairs
Lair:2 exclusion: downstairs
Spider:2 Roxanne
Elf:2 3 runed translucent doors
Vaults:2 36 runed doors
Depths:1 2 transporters, exclusions: downstairs and obsidian statue, EnegeticOcto's ghost, adept MiFi; Plog's ghost, adept DgCj
Depths:3 2 runed translucent doors
Zot:2 1 exclusion
Zot:3 1 exclusion
Zot:4 2 exclusions


Innate Abilities, Weirdness & Mutations

You are completely covered in rugged brown scales. (AC +3, +7% HP)
You have supernaturally acute eyesight. (SInv)
Armour fits poorly on your strangely shaped body.
You can roll at nearby foes to attack.
You have a long armoured tail.
You curl defensively after being hit.
You have very sharp teeth.
You tend to lose your temper in combat.
You are covered in fur. (AC +1)
You rapidly evolve.


Message History

You barely miss the sun demon. You tail-slap the sun demon.
You bite the sun demon, but do no damage.
The sun demon is severely wounded.
You block the sun demon's attack.
You impale the sun demon!!
You kill the sun demon!
There is a stone staircase leading up here.
You climb upwards.
There is a stone staircase leading down here.
You see here a +0 hand axe.
There is an escape hatch in the ceiling here.
A mysterious force pulls you upwards. The hatch slams shut behind you.
There is a stone staircase leading up here.
You climb upwards.
There is a stone staircase leading down here.
There is a stone staircase leading up here.
You climb upwards.
There is a stone staircase leading down here.
You see here a +0 dagger.
A bat comes into view.
The bat moves out of view.
A bat is nearby!
You block the bat's attack. You block the bat's attack.
You block the bat's attack. You block the bat's attack. x2
You miss the bat. You block the bat's attack. The bat misses you.
Aiming: Dig
Press: ? - help, Shift-Dir - straight line You can't see that place.
The rock shatters into small pieces.
You block the bat's attack. You block the bat's attack.
You block the bat's attack. You block the bat's attack.
The bat barely misses you. You block the bat's attack.
You hit the bat.
You kill the bat!
There is a staircase leading out of the dungeon here.
You have escaped!

#########........###..##....#
#..).....# #..##....#
#........#######.####
#........#.....'.#
#........'.....#.#
#........#.....#.#
#........#..8..#.#
####'#####.....#.#
#.#.'@#.....#.#
#.#'##..'####.#
#.#..'....###.#
#.#..#...#..#.#
#########.####...###..##
#.........# #####.....#
#.#######.# #.####..# #.#
####.######.####..# #.#
#...........##....#######


There were no monsters in sight!

Vanquished Creatures
  the Royal Jelly (Slime:5)
  6 dread liches
  3 orbs of fire
  2 ancient liches (Zot:5)
  7 Killer Klowns
  2 curse toes
  5 golden dragons
  the Enchantress (Depths:5)
  4 electric golems
  An iron giant (Slime:4)
  Jorgrun (Orc:1)
  6 tentacled monstrosities
  2 deep elf blademasters (Elf:3)
  26 Orb Guardians
  3 deep elf master archers (Elf:3)
  2 titans (Vaults:4)
  3 liches
  6 quicksilver dragons
  Polyphemus (Shoals:4)
  18 acid blobs
  4 death cobs
  4 sphinxes (Vaults:4)
  13 storm dragons
  Agnes (Spider:2)
  Kirke (Spider:3)
  Donald (Spider:3)
  7 shadow dragons
  9 rockslimes
  11 azure jellies
  4 draconian monks
  6 fire giants
  8 draconian knights
  6 frost giants
  3 draconian scorchers
  8 vault wardens
  2 iron dragons
  2 caustic shrike zombies (Depths:2)
  5 deep elf sorcerers (Elf:3)
  A deep elf elementalist (Elf:3)
  8 ghost moths
  A draconian stormcaller (Zot:2)
  2 emperor scorpions (Spider:4)
  6 draconian shifters
  A reaper (IceCv)
  4 draconian annihilators
  15 stone giants
  A war gargoyle (Vaults:3)
  2 spriggan defenders (Depths:5)
  15 very ugly things
  7 quicksilver oozes
  5 green draconians
  21 ironbound preservers
  2 deep elf demonologists (Elf:3)
  A bunyip (Lair:6)
  2 vampire knights
  14 black draconians
  7 white draconians
  6 spark wasps
  7 red draconians
  7 entropy weavers
  9 yellow draconians
  10 dire elephants
  9 purple draconians
  2 minotaurs
  6 deep elf annihilators
  2 merfolk javelineers
  2 crystal guardians
  6 ettins
  An eidolon (Vaults:3)
  7 merfolk impalers
  Josephine (Orc:2)
  The ghost of Firil the Destroyer, a journeyman OpFE of Vehumet (Lair:1)
  11 yaktaur captains
  10 deep elf death magi
  21 great orbs of eyes
  5 deep elf high priests
  2 jiangshi (Depths:2)
  11 hydras
  13 fire dragons
  5 peacekeepers
  3 boulder beetles (Vaults:2)
  The ghost of stickyfingers the Cleaver, a journeyman HOGl of Yredelemnul (D:9)
  4 rakshasas
  12 vault guards
  9 ice dragons
  4 ironbound thunderhulks
  2 spriggan air magi
  Harold (D:8)
  5 ogre magi
  6 catoblepae
  9 ironbound frosthearts
  3 merfolk avatars
  A merfolk aquamancer (Shoals:4)
  4 hell beasts
  3 vampire magi
  An alligator (Depths:2)
  10 tengu warriors
  9 centaur warriors
  20 two-headed ogres
  15 dancing weapons
  A death knight (D:15)
  4 deep troll shamans
  2 alligator snapping turtles
  2 satyrs
  9 death yaks
  7 deep troll earth magi
  10 ironbound beastmasters
  2 orc high priests (Orc:1)
  A shock serpent (Lair:6)
  4 spriggan berserkers
  4 deep elf knights
  A soul eater (Depths:3)
  A sun demon (D:5)
  A fire crab (Lair:6)
  6 iron trolls
  5 hell knights (Depths:3)
  4 skeletal warriors (D:13)
  A sixfirhy (D:13)
  A goliath frog (Depths:2)
  2 death drakes (shapeshifter)
  63 deep trolls
  A swamp dragon (Slime:4)
  2 torturous demonspawn
  A flayed ghost (Depths:4)
  A death drake (Depths:2)
  3 phantasmal warriors
  A glowing orange brain (D:10)
  A sea snake (shapeshifter) (Vaults:4)
  11 lindwurms
  15 sea snakes
  A shadow demon (D:15)
  A kraken simulacrum (Shoals:4)
  17 wizards
  Pikel (D:7)
  23 harpies
  A sphinx zombie (Depths:4)
  12 wolf spider zombies (Spider:3)
  18 ironbound convokers
  11 deep elf archers
  19 deep elf pyromancers
  3 orc knights
  5 necromancers
  7 deep elf zephyrmancers
  5 orc sorcerers
  3 oklob plants (Lair:6)
  12 orb spiders
  6 shining eyes
  16 wolf spiders
  A manticore (shapeshifter) (D:12)
  22 fauns
  6 cyclopes
  32 moths of wrath
  A fire giant zombie (Depths:4)
  A shadow dragon skeleton (Depths:2)
  52 ugly things
  17 manticores
  An iron dragon skeleton (Depths:2)
  17 elephants
  An ice statue (IceCv)
  2 rust devils
  A smoke demon (D:15)
  A frost giant skeleton (Depths:4)
  12 merfolk sirens
  3 black mambas
  A stone giant skeleton (Depths:2)
  A gargoyle (D:12)
  7 water nymphs
  An eye of devastation (shapeshifter) (Depths:4)
  An orange demon (Depths:3)
  12 cane toads
  2 eyes of devastation
  17 vault sentinels
  An unseen horror (D:11)
  6 torpor snails
  2 efreet
  9 redback zombies (Spider:3)
  2 kobold demonologists
  4 rime drakes
  3 ice devils
  An entropy weaver simulacrum (IceCv)
  2 freezing wraiths
  A hellion (Zot:4)
  12 komodo dragons
  3 tengu conjurers
  25 yaktaurs
  An anaconda simulacrum (IceCv)
  27 demonic crawlers
  A tormentor (Depths:3)
  A meliai (Spider:4)
  A red devil (Depths:4)
  3 polar bears
  A queen bee (shapeshifter) (Vaults:4)
  7 trolls
  12 hornets
  117 slime creatures
  9 wind drakes
  25 jumping spiders
  16 merfolk
  A raiju (Depths:2)
  The ghost of theswoord the Twirler, an amateur DsGl of Wu Jian (D:4)
  5 tarantella zombies (Spider:3)
  10 blink frogs
  13 snapping turtles
  12 dream sheep
  A slime creature (shapeshifter) (Depths:4)
  60 redbacks
  4 air elementals
  50 yaks
  25 tarantellas
  4 wraiths (Orc:2)
  A vampire (D:9)
  A fire bat (shapeshifter) (Lair:5)
  3 wyverns
  2 basilisks
  5 spriggans
  A hog (shapeshifter) (Depths:2)
  12 water elementals
  5 golden eyes (Slime:1)
  17 vampire mosquitoes
  2 fire elementals
  3 hogs (Spider:3)
  3 chaos spawn
  5 wargs
  A naga (shapeshifter) (D:15)
  2 acid dragons (D:11)
  A swamp worm (Depths:2)
  16 water moccasins
  A floating eye (Slime:4)
  4 ice beasts
  6 black bears
  A hornet zombie (D:6)
  25 orc warriors
  4 boggarts
  12 wolves
  32 ogres
  16 centaurs
  4 lemures
  A phantom (D:4)
  A kobold brigand (D:8)
  A gnoll sergeant (D:12)
  6 bullfrogs
  11 two-headed ogre simulacra (IceCv)
  11 scorpions
  2 jellies
  8 wights
  2 killer bees
  2 howler monkeys
  3 electric eels
  4 crimson imps (D:15)
  A centaur skeleton (D:5)
  6 centaur zombies
  4 hounds
  2 human zombies (Ossuary)
  A gnoll shaman (D:4)
  19 orc priests
  3 iguanas
  22 orc wizards
  7 scorpion zombies (Ossuary)
  A troll simulacrum (IceCv)
  6 hell rats
  7 spriggan simulacra (IceCv)
  2 polar bear simulacra (IceCv)
  3 wolf simulacra (IceCv)
  A killer bee zombie (D:9)
  3 mummies (Ossuary)
  3 howler monkey zombies
  A killer bee simulacrum (D:9)
  A howler monkey skeleton (D:5)
  14 gnolls
  4 naga simulacra (IceCv)
  10 adders
  7 river rats
  3 shadow imps
  13 white imps
  6 ufetubi (IceCv)
  4 dart slugs
  72 orcs
  8 ball pythons
  10 bats
  9 endoplasms
  A giant cockroach (D:2)
  3 gnoll zombies (Ossuary)
  7 goblins
  5 hobgoblins
  15 jackals (D:1)
  2 quokkas
  4 frilled lizards
  2 goblin zombies (Ossuary)
  A hobgoblin zombie (Ossuary)
  16 kobolds
  4 kobold zombies (Ossuary)
  11 rats
2165 creatures vanquished.

Vanquished Creatures (collateral kills)
  Mara (Shoals:4)
  2 juggernauts
  An electric golem (Zot:5)
  Frances (Shoals:2)
  An ancient champion (Vaults:3)
  2 acid blobs (Slime:5)
  An azure jelly (Slime:5)
  A rockslime (Slime:5)
  A draconian knight (Zot:3)
  Aizul (Vaults:1)
  A draconian annihilator (Zot:3)
  Louise (Shoals:3)
  An emperor scorpion (Spider:3)
  2 black draconians (Zot:3)
  2 yellow draconians
  A purple draconian (Zot:5)
  2 ettins (Depths:1)
  A merfolk impaler (Shoals:4)
  2 hydras (Lair:6)
  4 two-headed ogres
  A merfolk aquamancer (Shoals:4)
  3 dancing weapons
  Urug (Lair:1)
  A skeletal warrior (D:13)
  An iron troll (D:12)
  A sea snake (Shoals:4)
  A wizard (D:15)
  A harpy (Shoals:4)
  A deep elf zephyrmancer (Elf:3)
  2 fauns (Shoals:3)
  A necromancer (D:15)
  2 oklob plants (Lair:6)
  A cyclops (D:13)
  2 wolf spiders
  A moth of wrath (Zot:3)
  A manticore (Shoals:4)
  An eye of devastation (Spider:4)
  A komodo dragon (Lair:6)
  3 jumping spiders
  2 slime creatures (Lair:6)
  A tarantella (Spider:1)
  A redback (Spider:2)
  A death yak simulacrum (IceCv)
  An orc warrior (D:8)
  A centaur (D:15)
  3 orcs
65 creatures vanquished.

Vanquished Creatures (others)
  A spark wasp (Spider:4)
  A deep elf pyromancer (Elf:1)
  A rime drake (Lair:6)
  A wind drake (Shoals:3)
  A redback (Spider:1)
  A human (Spider:4)
  A floating eye (Slime:4)
  A white imp (IceCv)
  An ufetubus (IceCv)
  3 orcs
  43 fungi
  122 plants
  3 tentacles (Shoals:4)
180 creatures vanquished.

Grand Total: 2410 creatures vanquished

Notes
Turn   | Place    | Note
-------+----------+-------------------------------------------
     0 | D:1      | ABBCCCDDDD the Palentonga Monk began the quest for the Orb.
     0 | D:1      | Reached XP level 1. HP: 19/19 MP: 1/1
   386 | D:1      | Reached XP level 2. HP: 13/25 MP: 2/2
  1006 | D:1      | Reached XP level 3. HP: 29/31 MP: 3/3
  1265 | D:1      | Found a faded altar of an unknown god.
  1283 | D:1      | Found Olewep's Antique Weapon Boutique.
  1981 | D:2      | Reached XP level 4. HP: 34/39 MP: 4/4
  2380 | D:2      | Got the Tome of the Congealing Voyage
  3186 | D:3      | Learned a level 3 spell: Swiftness
  3654 | D:4      | Reached XP level 5. HP: 44/44 MP: 6/6
  3660 | D:4      | Found a sand-covered staircase.
  3668 | Ossuary  | Entered an ossuary
  3692 | Ossuary  | Reached skill level 4 in Fighting
  3692 | Ossuary  | Reached skill level 5 in Maces & Flails
  3692 | Ossuary  | Reached skill level 1 in Spellcasting
  3850 | Ossuary  | Reached skill level 1 in Air Magic
  3953 | Ossuary  | Reached XP level 6. HP: 41/51 MP: 7/7
  4870 | Ossuary  | Gained mutation: You curl defensively after being hit.
                  | [Palentonga growth]
  4870 | Ossuary  | Reached XP level 7. HP: 16/57 MP: 8/8
  6435 | D:4      | Found a transporter.
  6577 | D:4      | Found a transporter.
  6637 | D:4      | Reached XP level 8. HP: 47/64 MP: 9/11
  6804 | D:4      | Noticed theswoord's ghost (amateur DsGl)
  7441 | D:5      | Entered Level 5 of the Dungeon
  7788 | D:5      | Found a staircase to the Ecumenical Temple.
  7977 | Temple   | Entered the Ecumenical Temple
  8079 | Temple   | Became a worshipper of Nemelex Xobeh the Trickster
  8079 | Temple   | Reached * piety under Nemelex Xobeh
  8079 | Temple   | Received a gift from Nemelex Xobeh
  8079 | Temple   | Reached ** piety under Nemelex Xobeh
  9942 | D:3      | Reached skill level 10 in Maces & Flails
 10906 | D:6      | Reached XP level 9. HP: 57/69 MP: 12/12
 11545 | D:6      | Received a gift from Nemelex Xobeh
 11958 | D:6      | Found an ancient bone altar of Kikubaaqudgha.
 12292 | D:6      | Reached skill level 1 in Armour
 12706 | D:7      | Noticed Pikel
 12782 | D:7      | Reached skill level 5 in Fighting
 13324 | D:7      | Found a burning altar of Makhleb.
 13331 | D:7      | Found Odeem's Jewellery Emporium.
 13520 | D:8      | Found a bloodstained altar of Trog.
 13532 | D:8      | Reached skill level 1 in Shields
 14003 | D:8      | Reached skill level 1 in Invocations
 14219 | D:8      | Found an opulent altar of Gozag.
 14222 | D:8      | Found a glowing silver altar of Zin.
 14222 | D:8      | Found a hazy altar of Hepliaklqana.
 14224 | D:8      | Found an ancient bone altar of Kikubaaqudgha.
 14225 | D:8      | Found a snail-covered altar of Cheibriados.
 14443 | D:8      | Reached skill level 6 in Fighting
 14730 | D:8      | Reached XP level 10. HP: 69/81 MP: 13/13
 15476 | D:7      | Received a gift from Nemelex Xobeh
 15488 | D:7      | Reached *** piety under Nemelex Xobeh
 15989 | D:9      | Noticed Harold
 16332 | D:9      | Found a staircase to the Orcish Mines.
 16759 | D:9      | Found a transporter.
 16761 | D:9      | Noticed stickyfingers's ghost (journeyman HOGl)
 16766 | D:9      | Noticed a centaur warrior
 16782 | D:9      | Found a transporter.
 16979 | D:9      | Noticed a two-headed ogre
 17898 | D:7      | Killed Pikel
 18975 | D:10     | Entered Level 10 of the Dungeon
 18997 | D:10     | Noticed a two-headed ogre
 19204 | Orc:1    | Entered Level 1 of the Orcish Mines
 19208 | Orc:1    | Noticed Jorgrun
 19803 | D:8      | Killed a two-headed ogre
 19804 | D:8      | Reached skill level 5 in Shields
 20314 | D:10     | Noticed a two-headed ogre
 20324 | D:10     | Killed a two-headed ogre
 20426 | D:10     | Noticed a manticore
 20883 | D:10     | Noticed a two-headed ogre
 21151 | D:9      | Killed a two-headed ogre
 21419 | D:10     | Reached XP level 11. HP: 82/88 MP: 14/14
 21498 | D:10     | Noticed a glowing orange brain
 21498 | D:10     | a two-headed ogre changed into a glowing orange brain
 21505 | D:10     | Killed a glowing orange brain
 21938 | D:11     | Noticed a six-headed hydra
 22248 | D:11     | Noticed a five-headed hydra
 22254 | D:11     | Killed a five-headed hydra
 22404 | D:11     | Noticed a two-headed ogre
 22419 | D:11     | Found an opulent altar of Gozag.
 22476 | D:11     | Found a staircase to the Lair.
 22477 | D:11     | Received a gift from Nemelex Xobeh
 22727 | D:11     | Reached **** piety under Nemelex Xobeh
 22927 | Lair:1   | Entered Level 1 of the Lair of Beasts
 22964 | Lair:1   | Found a runed translucent gate.
 22964 | Lair:1   | Found a runed translucent gate.
 22964 | Lair:1   | Found a runed translucent gate.
 22965 | Lair:1   | Noticed a four-headed hydra
 22972 | Lair:1   | Noticed Firil's ghost (journeyman OpFE)
 23330 | D:11     | Banished a six-headed hydra
 23475 | D:11     | Noticed a purple ugly thing
 23487 | D:11     | Killed a purple ugly thing
 23507 | D:11     | Killed a two-headed ogre
 23638 | D:11     | Received a gift from Nemelex Xobeh
 24079 | D:12     | Noticed a deep elf pyromancer
 24084 | D:12     | Killed a deep elf pyromancer
 24395 | D:12     | Noticed a rakshasa
 24657 | D:12     | Noticed an orc knight
 24657 | D:12     | Noticed an orc sorcerer
 24807 | D:8      | Killed Harold
 24808 | D:8      | Reached skill level 10 in Shields
 24940 | D:7      | Bought an amulet of the acrobat for 300 gold pieces
 24945 | D:7      | Bought a +4 ring of evasion for 360 gold pieces
 25065 | Lair:2   | Reached XP level 12. HP: 95/95 MP: 15/15
 25297 | Lair:2   | Received a gift from Nemelex Xobeh
 25347 | Lair:2   | Reached skill level 7 in Fighting
 25690 | Lair:2   | Reached skill level 1 in Evocations
 25759 | Lair:1   | Noticed a minotaur
 25798 | Lair:2   | Noticed a five-headed hydra
 25933 | Lair:1   | Noticed Urug
 25942 | Lair:1   | Killed Urug
 26808 | Lair:1   | Reached skill level 5 in Evocations
 27361 | Lair:2   | Found a hole to the Spider Nest.
 27384 | Lair:2   | Reached ***** piety under Nemelex Xobeh
 27570 | Lair:2   | Received a gift from Nemelex Xobeh
 27898 | Lair:2   | Reached skill level 8 in Fighting
 28021 | Lair:2   | Received a gift from Nemelex Xobeh
 28052 | Lair:2   | Killed a five-headed hydra
 28856 | Lair:3   | Noticed a seven-headed hydra
 29018 | Lair:3   | Killed a seven-headed hydra
 29578 | Lair:2   | Reached XP level 13. HP: 33/104 MP: 16/16
 30528 | Lair:3   | Received a gift from Nemelex Xobeh
 32141 | Lair:4   | Received a gift from Nemelex Xobeh
 32892 | Lair:4   | Found a staircase to the Shoals.
 33115 | Lair:5   | Received a gift from Nemelex Xobeh
 33331 | Lair:5   | You fall into a shaft and drop 1 floor!
 33331 | Lair:6   | Entered Level 6 of the Lair of Beasts
 33504 | Lair:5   | Received a gift from Nemelex Xobeh
 33727 | Lair:5   | Reached ****** piety under Nemelex Xobeh
 34118 | Lair:5   | Received a gift from Nemelex Xobeh
 34315 | Lair:5   | Identified the +4 chain mail of Lugonu's Approval {rF++
                  | Will++ Str-3}
 35140 | Lair:6   | Noticed a bunyip
 35140 | Lair:6   | a seven-headed hydra changed into a bunyip
 35150 | Lair:6   | Killed a bunyip
 35618 | Lair:6   | Reached XP level 14. HP: 61/112 MP: 17/17
 35896 | Lair:6   | Received a gift from Nemelex Xobeh
 36558 | Lair:6   | Reached skill level 5 in Invocations
 37236 | Lair:6   | Reached skill level 15 in Shields
 37928 | D:4      | Killed theswoord's ghost
 38419 | D:13     | Found Yfeagemu's Weapon Shoppe.
 38449 | D:13     | Found Littuin's General Store.
 38477 | D:13     | Reached skill level 9 in Fighting
 38525 | D:13     | Bought a scroll of identify for 28 gold pieces
 38525 | D:13     | Bought a potion of curing for 42 gold pieces
 38535 | D:13     | Found a frozen archway.
 38633 | IceCv    | Entered an ice cave
 39757 | IceCv    | Noticed a reaper
 39791 | IceCv    | Killed a reaper
 40287 | IceCv    | Reached skill level 10 in Fighting
 40849 | D:13     | Found Ugolu's Magic Scroll Shop.
 41052 | D:13     | Bought a scroll of identify for 28 gold pieces
 41052 | D:13     | Bought a scroll of blinking for 105 gold pieces
 41052 | D:13     | Bought a scroll of identify for 28 gold pieces
 41078 | D:13     | Found Uhuupywn's Book Shoppe.
 41090 | D:13     | Identified a scroll of acquirement
 41091 | D:13     | Acquired the +3 barding of Honour {rElec rCorr}
 41571 | D:13     | Reached skill level 11 in Fighting
 41810 | D:13     | Found a gate to the Vaults.
 41950 | D:13     | Received a gift from Nemelex Xobeh
 42439 | D:12     | Reached skill level 12 in Fighting
 42685 | D:12     | Reached XP level 15. HP: 107/128 MP: 19/19
 42727 | D:12     | Noticed Rupert
 42786 | D:12     | Noticed Rupert
 42786 | D:12     | Rupert changed into Rupert the iron troll
 42789 | D:12     | Killed Rupert the iron troll
 43056 | D:12     | Received a gift from Nemelex Xobeh
 43980 | D:9      | Killed stickyfingers's ghost
 45017 | Lair:6   | Found a staircase to the Slime Pits.
 45541 | D:14     | Received a gift from Nemelex Xobeh
 45971 | D:14     | Reached skill level 13 in Fighting
 46117 | D:15     | Entered Level 15 of the Dungeon
 46199 | D:15     | Received a gift from Nemelex Xobeh
 46690 | D:15     | Received a gift from Nemelex Xobeh
 46953 | D:15     | Reached skill level 14 in Fighting
 47027 | D:15     | Found a staircase to the Depths.
 47585 | Spider:1 | Entered Level 1 of the Spider Nest
 47645 | Spider:1 | Identified the +11 dagger of the Enemy {holy, rPois rN++}
 47717 | Lair:2   | Reached skill level 15 in Maces & Flails
 48517 | Orc:1    | Killed Jorgrun
 48676 | Orc:2    | Entered Level 2 of the Orcish Mines
 48849 | Orc:2    | Noticed Josephine
 48867 | Orc:2    | Killed Josephine
 48868 | Orc:2    | Reached XP level 16. HP: 121/142 MP: 22/22
 49450 | Orc:2    | Reached skill level 10 in Invocations
 49836 | Orc:2    | Found Gamurisi's Armour Boutique.
 49836 | Orc:2    | Found Uduraddi's Assorted Antiques.
 49837 | Orc:2    | Found Qereagon's Jewellery Emporium.
 49837 | Orc:2    | Found Lofer's Magic Scroll Shop.
 49849 | Orc:2    | Bought a scroll of identify for 32 gold pieces
 49849 | Orc:2    | Bought a scroll of blinking for 120 gold pieces
 49849 | Orc:2    | Bought a scroll of fog for 32 gold pieces
 49849 | Orc:2    | Bought a scroll of fog for 32 gold pieces
 49849 | Orc:2    | Bought a scroll of fog for 32 gold pieces
 50176 | Orc:2    | Found a staircase to the Elven Halls.
 50443 | Orc:2    | Received a gift from Nemelex Xobeh
 50748 | Orc:1    | Found Liggibb's Distillery.
 51123 | Orc:1    | Bought a potion of heal wounds for 75 gold pieces
 51123 | Orc:1    | Bought a potion of curing for 45 gold pieces
 51123 | Orc:1    | Bought a potion of berserk rage for 75 gold pieces
 51123 | Orc:1    | Bought a potion of heal wounds for 75 gold pieces
 51123 | Orc:1    | Bought a potion of haste for 150 gold pieces
 51123 | Orc:1    | Bought a potion of curing for 45 gold pieces
 51123 | Orc:1    | Bought a potion of heal wounds for 75 gold pieces
 51123 | Orc:1    | Bought a potion of might for 60 gold pieces
 51385 | Orc:1    | Received a gift from Nemelex Xobeh
 51447 | Orc:2    | Bought a scroll of teleportation for 48 gold pieces
 51447 | Orc:2    | Bought a scroll of identify for 32 gold pieces
 51475 | Elf:1    | Entered Level 1 of the Elven Halls
 51806 | Elf:1    | Reached skill level 5 in Dodging
 53379 | Elf:2    | Reached skill level 5 in Armour
 53770 | Elf:2    | Paralysed by an air elemental for 1 turns
 54397 | Elf:2    | Received a gift from Nemelex Xobeh
 54498 | Elf:2    | Received a gift from Nemelex Xobeh
 54733 | Elf:2    | Found a runed translucent gate.
 54734 | Elf:2    | Found a runed translucent gate.
 54734 | Elf:2    | Found a runed translucent gate.
 54770 | Elf:3    | Entered Level 3 of the Elven Halls
 54969 | Elf:3    | Reached XP level 17. HP: 134/148 MP: 24/24
 55619 | Elf:3    | Paralysed by an air elemental for 1 turns
 55621 | Elf:3    | Paralysed by an air elemental for 1 turns
 57754 | Spider:2 | Noticed Roxanne
 57894 | Spider:2 | Noticed Agnes
 57902 | Spider:2 | Killed Agnes
 58717 | Spider:2 | Identified the +1 scale mail "Anuosace" {Fly rF+++ Str-4
                  | Slay+6}
 59050 | Spider:2 | Found the +7 lajatang of Order {silver, rMut}
 59134 | Spider:3 | Received a gift from Nemelex Xobeh
 59717 | Shoals:1 | Entered Level 1 of the Shoals
 59926 | Depths:1 | Entered Level 1 of the Depths
 59968 | Depths:1 | Found Ytoeptao's Distillery.
 59982 | Depths:1 | Bought a potion of curing for 54 gold pieces
 59982 | Depths:1 | Bought a potion of curing for 54 gold pieces
 61044 | Depths:1 | Noticed a caustic shrike
 61412 | Spider:3 | Received a gift from Nemelex Xobeh
 62182 | Spider:3 | Reached skill level 15 in Fighting
 62692 | Spider:4 | Entered Level 4 of the Spider Nest
 62744 | Spider:4 | Noticed Kirke
 63179 | Spider:3 | Killed Kirke
 64427 | Spider:4 | Identified the +4 hand axe of Understanding {antimagic,
                  | *Rage rElec rPois Stlth-}
 65066 | Spider:4 | Reached XP level 18. HP: 148/159 MP: 15/25
 65205 | Spider:4 | Noticed Asterion
 65206 | Spider:4 | Identified the +2 long sword of the Pits of Slime {venom,
                  | rPois rCorr Str-4 Dex-4}
 65546 | Spider:4 | Noticed Asterion
 65546 | Spider:4 | Asterion changed into Asterion the eye of devastation
 65546 | Spider:4 | Killed Asterion the eye of devastation
 66569 | Spider:4 | Noticed Donald
 66661 | Spider:3 | Killed Donald
 67224 | Spider:4 | Reached skill level 10 in Evocations
 67612 | Spider:4 | Got a gossamer rune of Zot
 67666 | Spider:4 | Received a gift from Nemelex Xobeh
 67703 | Spider:4 | Reached skill level 16 in Fighting
 70130 | Shoals:1 | Got Sif Muna's Guide on Dislocated Unholy Rituals
 70808 | Shoals:2 | Found Veokil Rukim's Armour Emporium.
 70978 | Shoals:2 | Noticed Frances
 70987 | Shoals:2 | Killed Frances
 71212 | Shoals:2 | Received a gift from Nemelex Xobeh
 71863 | Shoals:3 | Found Hairre's General Store.
 73051 | Shoals:3 | Noticed Louise
 73068 | Shoals:3 | Killed Louise
 73128 | Shoals:3 | Reached skill level 17 in Fighting
 73478 | Shoals:3 | Received a gift from Nemelex Xobeh
 73720 | Shoals:4 | Entered Level 4 of the Shoals
 73929 | Shoals:4 | Noticed Polyphemus
 74146 | Shoals:4 | Killed Polyphemus
 74273 | Shoals:4 | Received a gift from Nemelex Xobeh
 74594 | Shoals:4 | Noticed Mara
 74602 | Shoals:4 | Noticed ABBCCCDDDD's illusion
 74864 | Shoals:4 | Reached XP level 19. HP: 155/172 MP: 28/28
 75742 | Shoals:4 | Got the Catalogue of Poison and Transmigration
 76751 | Shoals:4 | Noticed ABBCCCDDDD's illusion
 76758 | Shoals:4 | Killed Mara
 76843 | Shoals:4 | Identified the +8 falchion "Iblotad" {protect, Int+6}
 76923 | Shoals:4 | Got a barnacled rune of Zot
 77407 | Shoals:4 | Received a gift from Nemelex Xobeh
 77804 | Vaults:1 | Entered Level 1 of the Vaults
 78306 | Vaults:1 | Found Ritwuke's Assorted Antiques.
 78307 | Vaults:1 | Identified the +6 trident "Juasoidi" {holy, rC++ Str-5
                  | Dex+3}
 78453 | Vaults:1 | Reached skill level 18 in Fighting
 79930 | Vaults:1 | Found Duiduh's Armour Shoppe.
 79939 | Vaults:1 | Bought the -2 hat of the Alchemist {rElec rPois rF+ rC+ rN+
                  | Will+ rMut rCorr} for 849 gold pieces
 79939 | Vaults:1 | Found the -2 hat of the Alchemist {rElec rPois rF+ rC+ rN+
                  | Will+ rMut rCorr}
 79988 | Vaults:1 | Found Goana's Weapon Emporium.
 79996 | Vaults:1 | Received a gift from Nemelex Xobeh
 80760 | Vaults:1 | Identified the amulet "Tyiforo" {Spirit Will- Int+4 Dex+3
                  | Stlth-}
 80934 | Vaults:1 | Noticed Aizul
 80940 | Vaults:1 | Killed Aizul
 81623 | Vaults:2 | Reached XP level 20. HP: 117/181 MP: 30/30
 81628 | Vaults:2 | Reached skill level 10 in Armour
 81830 | Vaults:2 | Reached skill level 10 in Dodging
 82476 | Vaults:2 | Received a gift from Nemelex Xobeh
 82868 | Vaults:2 | Received a gift from Nemelex Xobeh
 82952 | Vaults:2 | Found a huge runed gate.
 82952 | Vaults:2 | Found a huge runed gate.
 82952 | Vaults:2 | Found a huge runed gate.
 82953 | Vaults:2 | Found a huge runed gate.
 82953 | Vaults:2 | Found a huge runed gate.
 82953 | Vaults:2 | Found a huge runed gate.
 82953 | Vaults:2 | Found a huge runed gate.
 82953 | Vaults:2 | Found a huge runed gate.
 82955 | Vaults:2 | Found a huge runed gate.
 82955 | Vaults:2 | Found a huge runed gate.
 82955 | Vaults:2 | Found a huge runed gate.
 82956 | Vaults:2 | Found a huge runed gate.
 82957 | Vaults:2 | Found a huge runed gate.
 82958 | Vaults:2 | Found a huge runed gate.
 82959 | Vaults:2 | Found a huge runed gate.
 82960 | Vaults:2 | Found a huge runed gate.
 82968 | Vaults:2 | Found a huge runed gate.
 82968 | Vaults:2 | Found a huge runed gate.
 82968 | Vaults:2 | Found a huge runed gate.
 82968 | Vaults:2 | Found a huge runed gate.
 82968 | Vaults:2 | Found a huge runed gate.
 82968 | Vaults:2 | Found a huge runed gate.
 82969 | Vaults:2 | Found a huge runed gate.
 82970 | Vaults:2 | Found a huge runed gate.
 82971 | Vaults:2 | Found a huge runed gate.
 82979 | Vaults:2 | Found a huge runed gate.
 82979 | Vaults:2 | Found a huge runed gate.
 82979 | Vaults:2 | Found a huge runed gate.
 82979 | Vaults:2 | Found a huge runed gate.
 82979 | Vaults:2 | Found a huge runed gate.
 82979 | Vaults:2 | Found a huge runed gate.
 82980 | Vaults:2 | Found a huge runed gate.
 82981 | Vaults:2 | Found a huge runed gate.
 82982 | Vaults:2 | Found a huge runed gate.
 82990 | Vaults:2 | Found a huge runed gate.
 82990 | Vaults:2 | Found a huge runed gate.
 83142 | Vaults:2 | Found Efe Uhad's Antique Weapon Shop.
 83635 | Vaults:1 | Identified the +0 scale mail of Gozag's Pride {rPois rF+
                  | Str+3}
 85880 | Vaults:3 | Received a gift from Nemelex Xobeh
 86425 | Vaults:3 | Identified the ring of Atoagg {rPois MP-9 EV+4 Int-5
                  | Dex+10}
 86764 | Vaults:3 | Found a staircase to the Crypt.
 86947 | Vaults:3 | Received a gift from Nemelex Xobeh
 87302 | Vaults:3 | Reached XP level 21. HP: 97/189 MP: 22/31
 88808 | Vaults:4 | Received a gift from Nemelex Xobeh
 89211 | Vaults:4 | Learned a level 5 spell: Manifold Assault
 89389 | Vaults:4 | Reached skill level 1 in Translocations
 89885 | Vaults:4 | Noticed Saint Roka
 89886 | Vaults:4 | Noticed Saint Roka
 89886 | Vaults:4 | Saint Roka changed into Saint Roka the sphinx
 89899 | Vaults:4 | Killed Saint Roka the sphinx
 91112 | Vaults:4 | Received a gift from Nemelex Xobeh
 91112 | Vaults:4 | Found Tikeon Deulu's Weapon Shop.
 91482 | Depths:1 | Found a gateway to Hell.
 91534 | Depths:1 | Noticed EnegeticOcto's ghost (adept MiFi)
 91543 | Depths:1 | Found a transporter.
 91545 | Depths:1 | Found a transporter.
 91593 | Depths:1 | Noticed Plog's ghost (adept DgCj)
 91637 | Depths:1 | Found a shimmering blue altar of Sif Muna.
 91637 | Depths:1 | You fall into a shaft and drop 1 floor!
 91637 | Depths:2 | Received a gift from Nemelex Xobeh
 91853 | Depths:2 | Reached skill level 5 in Spellcasting
 91853 | Depths:2 | Reached skill level 5 in Translocations
 92418 | Depths:2 | Identified the +4 chain mail of Toantuko {Contam Str+4
                  | Stlth+}
 92800 | Depths:2 | Reached XP level 22. HP: 181/199 MP: 14/32
 93045 | Depths:2 | Received a gift from Nemelex Xobeh
 93052 | Depths:2 | Reached skill level 19 in Fighting
 93088 | Depths:2 | Identified the ring "Rusuho" {AC+4 Str+4}
 94798 | Depths:3 | Found a one-way gate leading to the halls of Pandemonium.
 94975 | Depths:3 | Received a gift from Nemelex Xobeh
 95340 | Depths:3 | Found Laecaane's Distillery.
 95340 | Depths:3 | Found Rohalyety's Jewellery Boutique.
 95341 | Depths:3 | Found Uppaicov's Jewellery Boutique.
 95345 | Depths:3 | Found Ynotaf's General Store.
 95351 | Depths:3 | Bought the amulet "Yhosm" {Reflect Harm Drain rPois Int+2
                  | SH+5} for 437 gold pieces
 96072 | Depths:3 | Found a sacrificial altar of Ru.
 97614 | Depths:3 | You fall into a shaft and drop 2 floors!
 97614 | Depths:5 | Entered Level 5 of the Depths
 98015 | Depths:3 | Found a runed translucent door.
 98021 | Depths:3 | Found a runed translucent door.
 98137 | Depths:4 | Received a gift from Nemelex Xobeh
 98146 | Depths:4 | Found a hide-covered altar of Uskayaw.
 98279 | Depths:4 | Found a one-way gate to the infinite horrors of the Abyss.
 98897 | Lair:1   | Killed Firil's ghost
 99060 | Lair:6   | Identified the -2 quarterstaff of Destiny {protect, +Rage
                  | rF++ Dex+2}
 99177 | Slime:1  | Entered Level 1 of the Pits of Slime
 99413 | Slime:1  | Reached skill level 10 in Translocations
 99417 | Slime:1  | Received a gift from Nemelex Xobeh
100426 | Depths:4 | Reached skill level 20 in Fighting
100433 | Depths:4 | Received a gift from Nemelex Xobeh
100658 | Depths:4 | Reached XP level 23. HP: 188/209 MP: 26/35
100801 | Depths:4 | Noticed a juggernaut
100815 | Depths:4 | Killed a juggernaut
101660 | Depths:4 | Received a gift from Nemelex Xobeh
102029 | Depths:5 | Found Lallesi's Distillery.
102037 | Depths:5 | Bought 2 potions of haste for 380 gold pieces
102037 | Depths:5 | Bought a potion of might for 76 gold pieces
102413 | Depths:5 | Found a gateway to a ziggurat.
103192 | Depths:5 | Found a gate to the Realm of Zot.
103253 | Depths:5 | Noticed a juggernaut
103274 | Depths:5 | Killed a juggernaut
103463 | Depths:5 | Noticed the Enchantress
103467 | Depths:5 | Killed the Enchantress
105054 | Elf:3    | Acquired a manual of Evocations
105132 | Elf:3    | Identified the +0 robe of Starshine {rElec rF++ Int-5
                  | Stlth+}
105132 | Elf:3    | Identified the ring "Muuniwi" {Drain Fly rPois rC++}
105185 | Elf:3    | Identified the +9 war axe of Balance {spect, Int+4}
105186 | Elf:3    | Received a gift from Nemelex Xobeh
105186 | Elf:3    | Identified the +5 morningstar of the Lumpy Nights {chaos,
                  | rElec rPois Str-5}
105373 | Elf:3    | Identified the +5 helmet of Dim Light {Rampage Fly Will-
                  | SInv}
105375 | Elf:3    | Got the Almanac of Lightness
105378 | Elf:3    | Got the Reference Book on the Entourage and Flight
106029 | D:13     | Bought a scroll of teleportation for 42 gold pieces
106029 | D:13     | Bought a scroll of teleportation for 42 gold pieces
106029 | D:13     | Bought a scroll of enchant armour for 105 gold pieces
106029 | D:13     | Bought a scroll of fear for 49 gold pieces
106029 | D:13     | Bought a scroll of fog for 28 gold pieces
106100 | Vaults:1 | Bought a potion of heal wounds for 180 gold pieces
108178 | Slime:2  | Reached XP level 24. HP: 204/219 MP: 26/35
108396 | Slime:2  | Received a gift from Nemelex Xobeh
108746 | Slime:2  | Reached skill level 5 in Stealth
109396 | Slime:5  | Entered Level 5 of the Pits of Slime
109774 | Slime:3  | Received a gift from Nemelex Xobeh
110630 | Slime:5  | Noticed the Royal Jelly
110834 | Slime:5  | Received a gift from Nemelex Xobeh
111204 | Slime:3  | Reached skill level 15 in Invocations
112093 | Slime:5  | Found a viscous altar of Jiyva.
112550 | Slime:5  | Killed the Royal Jelly
112719 | Slime:5  | Identified the amulet of Pekev {Reflect -Tele Rampage +Inv
                  | Str+6 SH+5}
112724 | Slime:5  | Identified the ring "Egiot" {rElec rPois rCorr Slay+5
                  | Stlth-}
112743 | Slime:5  | Got the Almanac of Egalitarianism
112760 | Slime:5  | Identified the +9 trident of the Absolute Madman
                  | {antimagic, Drain Will+++ Str+2 Stlth-}
112779 | Slime:5  | Identified the +1 pair of boots of the Final Nightcaps {rC-
                  | Regen+ Str+5}
112783 | Slime:5  | Got a slimy rune of Zot
112820 | Slime:5  | Identified the +0 chain mail "Xadilashue" {rN+ rCorr Str-5
                  | SInv}
112824 | Slime:5  | Identified the +8 hunting sling of Arbitration {venom,
                  | *Slow rPois rCorr Stlth+}
112828 | Slime:5  | Identified the +5 scimitar "Soazurro" {elec, Fragile rF+
                  | Will++ Int+3}
113364 | Zot:1    | Entered Level 1 of the Realm of Zot
113364 | Zot:1    | Received a gift from Nemelex Xobeh
114451 | Zot:1    | Received a gift from Nemelex Xobeh
115177 | Zot:1    | Found the +2 Maxwell's thermic engine {flame, freeze}
116024 | Zot:1    | Reached XP level 25. HP: 128/226 MP: 26/35
117988 | Zot:2    | You fall into a shaft and drop 1 floor!
117988 | Zot:3    | Received a gift from Nemelex Xobeh
118236 | Zot:3    | Noticed a Killer Klown
118255 | Zot:3    | Killed a Killer Klown
118558 | Zot:3    | Reached skill level 15 in Armour
118704 | Zot:3    | Reached skill level 21 in Fighting
119136 | Zot:3    | Reached skill level 15 in Dodging
119178 | Zot:3    | Received a gift from Nemelex Xobeh
119586 | Zot:3    | Received a gift from Nemelex Xobeh
119670 | Zot:4    | Noticed a Killer Klown
119672 | Zot:4    | Killed a Killer Klown
121030 | Zot:4    | Received a gift from Nemelex Xobeh
121459 | Zot:5    | Entered Level 5 of the Realm of Zot
122229 | Zot:4    | Reached skill level 22 in Fighting
122236 | Zot:5    | Reached XP level 26. HP: 224/239 MP: 26/35
122563 | Zot:5    | Received a gift from Nemelex Xobeh
122882 | Zot:5    | Noticed a dread lich
122892 | Zot:5    | Killed a dread lich
123028 | Zot:5    | Noticed an orb of fire
123046 | Zot:5    | Killed an orb of fire
123048 | Zot:5    | Noticed an ancient lich
123346 | Zot:5    | Killed an ancient lich
123347 | Zot:5    | Reached skill level 23 in Fighting
123352 | Zot:5    | Noticed a dread lich
123359 | Zot:5    | Killed a dread lich
123399 | Zot:5    | Noticed an orb of fire
123667 | Zot:5    | Gained mutation: You sometimes lose the ability to read
                  | scrolls when taking damage. [an orb of fire]
123668 | Zot:5    | Killed an orb of fire
123730 | Zot:4    | Gained mutation: You have very sharp teeth. [potion of
                  | mutation]
123730 | Zot:4    | Gained mutation: You can roll at foes to attack. [potion of
                  | mutation]
123731 | Zot:4    | Lost mutation: You can roll at foes to attack. [potion of
                  | mutation]
123731 | Zot:4    | Gained mutation: Your mind is acute. (Int +2) [potion of
                  | mutation]
123732 | Zot:4    | Lost mutation: Your mind is acute. (Int +2) [potion of
                  | mutation]
123732 | Zot:4    | Gained mutation: You are partially covered in iridescent
                  | scales. (AC +2) [potion of mutation]
123732 | Zot:4    | Gained mutation: You evolve. [potion of mutation]
123732 | Zot:4    | Gained mutation: Your mind is acute. (Int +2) [potion of
                  | mutation]
123733 | Zot:4    | Lost mutation: You are partially covered in iridescent
                  | scales. (AC +2) [potion of mutation]
123733 | Zot:4    | Lost mutation: Your mind is acute. (Int +2) [potion of
                  | mutation]
123733 | Zot:4    | Gained mutation: You tend to lose your temper in combat.
                  | [potion of mutation]
123733 | Zot:4    | Gained mutation: You rapidly evolve. [potion of mutation]
123733 | Zot:4    | Gained mutation: Your flesh is cold resistant. (rC+)
                  | [potion of mutation]
123734 | Zot:4    | Lost mutation: You sometimes lose the ability to read
                  | scrolls when taking damage. [potion of mutation]
123734 | Zot:4    | Lost mutation: Your flesh is cold resistant. (rC+) [potion
                  | of mutation]
123734 | Zot:4    | Gained mutation: You are covered in fur. (AC +1) [potion of
                  | mutation]
123768 | Zot:5    | Noticed an ancient lich
123792 | Zot:5    | Killed an ancient lich
123853 | Zot:5    | Noticed an orb of fire
123861 | Zot:5    | Gained mutation: You are weak. (Str -2) [an orb of fire]
123874 | Zot:5    | Noticed a dread lich
123886 | Zot:4    | Killed an orb of fire
124221 | Zot:5    | Noticed a dread lich
124470 | Zot:4    | Killed a dread lich
124484 | Zot:4    | Lost mutation: You are weak. (Str -2) [evolution]
124490 | Zot:4    | Killed a dread lich
124491 | Zot:4    | Reached skill level 24 in Fighting
124562 | Zot:5    | Noticed a dread lich
124651 | Zot:4    | Killed a dread lich
125593 | Zot:5    | Identified the +2 ring mail of the Heavens {rC- Dex+6}
125626 | Zot:5    | Reached XP level 27. HP: 249/254 MP: 26/35
125681 | Zot:5    | Noticed a dread lich
125696 | Zot:5    | Killed a dread lich
125856 | Zot:5    | Got the Orb of Zot
125971 | Depths:5 | Noticed Tavead the pandemonium lord
126467 | D:$      | Escaped with the Orb!

Illustrated notes

Levels and vault maps discovered:
D:1:      evilmike_arrival_fibonacci_small, layout_loops_ring,
          basic_ecumenical_altar, serial_shops, shop, minmay_3d_cube
D:2:      minmay_wonky_spiral, layout_loops_ring, serial_forest,
          infiniplex_forest_end_3, infiniplex_forest_clump_tiny,
          infiniplex_forest_corner_2, infiniplex_forest_clump_large,
          infiniplex_forest_lined_4_way, infiniplex_forest_3_way,
          infiniplex_forest_diagonal, nrook_campfire
D:3:      layout_rooms, minmay_unequal
D:4:      layout_loops_ring, gammafunk_ghost_gnarly_gnolls,
          nicolae_ossuary_entry_plus
D:5:      layout_basic, lemuel_temple_firewalk_b
D:6:      layout_basic, kennysheep_diamond
D:7:      layout_cave_pools, makhleb_grotto_becter, serial_shops, shop,
          uniq_pikel
D:8:      layout_loops_ring, grunt_temple_overflow_open, trog_butcher_becter,
          special_room [special_room_orc]
D:9:      layout_basic, orc_0_dummy, gammafunk_ghost_arena, uniq_harold
D:10:     layout_gridville, eino_small_chamber_without_monster,
          kennysheep_generic_room_8
D:11:     layout_basic, grunt_lair_entry_orc_guard_hut, grunt_gozag_breadcrumbs
D:12:     layout_loops_corners, grunt_ministairs_9,
          hangedman_decor_diamond_cutter, uniq_rupert
D:13:     layout_gridville, erik_vaults_2, portal_ice_cave_rime, serial_shops,
          nicolae_shop_temple_entry_statues_fountains,
          nicolae_shop_temple_entry_statues_fountains, nicolae_shop_waterfront,
          nicolae_shop_trees
D:14:     layout_rooms
D:15:     hangedman_depths_entry_civil_slaughter, layout_stronghold,
          minmay_fire_ice_demons
Temple:   regret_index_temple_waves
Lair:1:   layout_roguey, maelrawn_ghost_gauntlet_escape, uniq_urug
Lair:2:   layout_long_grid, nicolae_spider_entry_orb_guardian,
          beast_lair_carwin_7, infiniplex_staircase_pool_2
Lair:3:   layout_misc_corridors, kennysheep_abandoned_house, grunt_megastairs_3
Lair:4:   layout_gridlike, minmay_shoals_entry_lonely_mermaid,
          chequers_serial_rivers_micro_c, serial_bayou_lagoon_b
Lair:5:   layout_regular_city
Lair:6:   grunt_lair_end_beastmaster, layout_cave_shapes,
          minmay_slime_entry_oklob_open, serial_bayou_pond_d
Shoals:1: layout_shoals, nicolae_shoals_arrival_archipelago
Shoals:2: layout_shoals, serial_shops, nicolae_square_shop, uniq_frances
Shoals:3: layout_shoals, serial_shops, nicolae_shop_trees, uniq_louise
Shoals:4: shoals_end_grunt_ice, layout_shoals, uniq_polyphemus, uniq_mara
Spider:1: layout_spider_delve
Spider:2: layout_spider_delve, worms_lemuel, uniq_roxanne, uniq_agnes
Spider:3: lemuel_spider_zombies, drop_trap, hangedman_spider_tarantella_strand
Spider:4: guppyfry_spider_rune, uniq_donald, uniq_asterion, uniq_kirke
Slime:1:  layout_caves, nicolae_slime_barrier
Slime:2:  layout_caves
Slime:3:  layout_caves
Slime:4:  layout_caves
Slime:5
Orc:1:    layout_diamond_mine, serial_shops, shop, uniq_jorgrun
Orc:2:    st_orc_ogre_mass, layout_diamond_mine, uniq_josephine
Elf:1:    minmay_elf_arrival_circle, layout_geoelf_grid, evilmike_minifort,
          nrook_mini_backslash
Elf:2:    nicolae_elf_blades_crystal_corner, layout_geoelf_octagon,
          amcnicky_mini_pool_small
Elf:3:    minmay_elf_hall_circle, layout_loops_corners
Vaults:1: ontoclasm_vaults_tryst, hangedman_vaults_variations,
          ontoclasm_vaults_claustrophobia, hangedman_vaults_river_flow,
          st_lines, v_alt_pattern_2, ontoclasm_vaults_ligature,
          vaults_room_door_ring, layout_vaults_chaotic_city, serial_shops,
          nicolae_shop_overgrown_old_shop, nicolae_lakefront_shop,
          nicolae_shop_waterfront, uniq_aizul
Vaults:2: nicolae_vaults_minivaults, vaults_not_door_vault_mu,
          hangedman_vaults_nodes, vaults_mumra_minichess_inversion, v_misc_19,
          ontoclasm_vaults_twist, v_misc_15, v_misc_2,
          nicolae_vaults_diagonal_hallway_8, vaults_room_fours,
          vaults_standard_mumra_enter_the_diamond, vaults_room_ringed_pool,
          ontoclasm_vaults_shuriken, vaults_standard_mumra_enter_the_diamond,
          vaults_room_stairs_pillars, vaults_room_door_ring,
          layout_vaults_omnibox, serial_shops, nicolae_shop_behind_doors
Vaults:3: minmay_crypt_entry_simple_statues, v_rooms_2, v_misc_32,
          vaults_room_large_hall, nicolae_vaults_windows_and_doors_thing,
          nicolae_vaults_inception_scallops, grunt_vaults_funnel,
          hangedman_vaults_cutoff, vaults_room_pool, dpeg_vaults_monster_box,
          nicolae_vaults_little_squares_2, layout_vaults_omnicross,
          infiniplex_enter_wizlab_glasses
Vaults:4: vaults_room_pools, vaults_mumra_hexcomb, st_check,
          nicolae_vaults_stairing_the_circle, v_alt_pattern_2, v_misc_12,
          nicolae_vaults_little_squares_2, nicolae_vaults_asterisk,
          nicolae_vaults_network_star, v_misc_13, vaults_dpeg_encased_lava,
          serial_ice_m, layout_vaults_maze_snakey, serial_shops, shop,
          uniq_saint_roka
Depths:1: layout_gridlike, chequers_hall_statues_wall_a, nzn_ghost_randoct,
          serial_shops, shop, grunt_hell_entry_dis_grunt, led_sif_pool,
          serial_bayou_shore_a, firewood_loft
Depths:2: grunt_deathspiral_large, layout_cave_pools, hell_entry,
          minmay_misc_feat_tower, infiniplex_staircase_zigzag_4
Depths:3: thingy_vault_2, layout_gridlike, grunt_mini_vestibule,
          rand_demon_pan_entry_8, nicolae_ru_sacrificial_ziggurat,
          minmay_shoptagon, infiniplex_staircase_pillars_3a
Depths:4: grunt_x_marks_the_spot, layout_cave_shapes, rand_demon_pan_entry_1,
          lemuel_crystal_altar, hell_entry, abyss_entry
Depths:5: grunt_zot_entry_bicorn, layout_long_grid, enter_ziggurat_a,
          serial_shops, shop, hell_entry, uniq_enchantress
Zot:1:    layout_onion_interference
Zot:2:    layout_misc_corridors
Zot:3:    kennysheep_ambush_hall, layout_gridville, grunt_ministairs_7
Zot:4:    layout_misc_corridors
Zot:5:    layout_gridlike

Skill      XL: |  1  2  3  4  5  6  7  8  9 10 11 12 13 14 15 16 17 18 19 20 21 22 23 24 25 26 27 |
---------------+----------------------------------------------------------------------------------+-----
Maces & Flails | 4 5 6 8 10 11 12 13 15 16 | 16.0
Fighting       | 4 6 8 12 14 15 17 18 20 22 24 | 24.4
Spellcasting   | 1 2 5 8 |  8.0
Air Magic      | 1 2 3 4 |  4.9
Armour         | 2 6 8 9 12 13 14 15 16 | 16.0
Dodging        | 4 7 8 9 12 13 14 16 | 16.6
Shields        | 2 7 10 11 14 15 | 15.0
Invocations    | 1 4 6 8 10 13 14 15 16 | 16.0
Evocations     | 5 9 10 11 13 14 | 14.5
Translocations | 6 10 | 10.6
Stealth        | 4 6 |  6.4

Action                   |  1- 3 |  4- 6 |  7- 9 | 10-12 | 13-15 | 16-18 | 19-21 | 22-24 | 25-27 || total
-------------------------+-------+-------+-------+-------+-------+-------+-------+-------+-------++-------
Melee: Mace              |   121 |       |       |       |       |       |       |       |       ||   121
       Tailslap          |     7 |    25 |    80 |   112 |   229 |   391 |   408 |   501 |   212 ||  1965
       Morningstar       |    15 |   193 |   430 |   665 |  1527 |  2673 |   186 |   722 |   840 ||  7251
       Demon whip        |       |       |       |       |       |       |  1794 |   959 |       ||  2753
       Bite              |       |       |       |       |       |       |       |       |    34 ||    34
Throw: Dart              |    29 |     6 |    45 |    71 |    16 |       |       |       |       ||   167
       Javelin           |       |       |       |     3 |       |       |       |       |       ||     3
Invok: Draw Destruction  |       |       |       |    25 |    36 |    17 |     7 |    12 |     2 ||    99
       Draw Summoning    |       |       |       |     6 |    15 |    10 |     5 |    17 |    10 ||    63
       Draw Escape       |       |       |       |     1 |     3 |     6 |     1 |     3 |       ||    14
       Deal Four         |       |       |       |       |     3 |     6 |     6 |    11 |     2 ||    28
 Abil: Rolling Charge    |       |     1 |     8 |     6 |    11 |    34 |       |    15 |    50 ||   125
Evoke: Wand              |       |       |     8 |    28 |    28 |    33 |    24 |    14 |     8 ||   143
       Condenser vane    |       |       |       |     1 |     3 |     2 |     2 |     1 |       ||     9
       Phantom mirror    |       |       |       |     1 |     3 |     4 |     1 |     1 |     1 ||    11
       Box of beasts     |       |       |       |       |     1 |     5 |     3 |     1 |     1 ||    11
       Lightning rod     |       |       |       |       |       |     7 |     1 |       |       ||     8
  Use: Scroll            |       |     5 |     6 |     7 |    27 |     7 |     6 |    25 |     6 ||    89
       Potion            |       |     2 |       |     4 |     2 |     4 |     1 |     3 |    15 ||    31
 Stab: Sleeping          |     2 |     1 |     2 |       |       |       |       |     1 |       ||     6
       Distracted        |       |     1 |       |     1 |     2 |       |    37 |    43 |     9 ||    93
       Confused          |       |       |       |       |     2 |       |       |       |       ||     2
       Paralysed         |       |       |       |       |       |    12 |     3 |       |       ||    15
       Petrified         |       |       |       |       |       |     3 |       |       |       ||     3
       Held in net/web   |       |       |       |       |       |     1 |       |       |       ||     1
Armor: Robe              |    91 |    45 |       |       |       |       |       |       |       ||   136
       Leather armour    |       |    27 |   173 |   107 |       |       |       |       |       ||   307
       Skin              |       |     3 |       |       |       |       |       |       |       ||     3
       Troll leather arm |       |       |       |    35 |       |       |       |       |       ||    35
       Acid dragon scale |       |       |       |    51 |    39 |       |       |       |       ||    90
       Chain mail        |       |       |       |       |   407 |  1205 |   393 |   340 |       ||  2345
       Scale mail        |       |       |       |       |    14 |       |       |       |       ||    14
       Gold dragon scale |       |       |       |       |       |       |       |    29 |   230 ||   259
Dodge: Dodged            |   108 |   107 |   217 |   348 |   357 |   941 |   459 |   369 |   137 ||  3043
Block: Buckler           |       |       |    12 |   207 |     2 |       |       |       |       ||   221
       Tower shield      |       |       |       |       |  1287 |  1900 |       |  1066 |   595 ||  4848
       Kite shield       |       |       |       |       |       |   516 |   809 |    57 |       ||  1382
       Reflection        |       |       |       |       |       |    54 |    53 |    42 |    13 ||   162
